 Dungeon Crawl Stone Soup version 0.20.1-1-g8b1a95d (webtiles) character file.

13468 Peloso the Carver (level 11, -11/97 HPs)
             Began as a Minotaur Fighter on July 28, 2017.
             Was a High Priest of Okawaru.
             Engulfed by a cloud of freezing vapour (18 damage)
             ... in an ice cave.
             The game lasted 00:30:01 (10512 turns).

Peloso the Carver (Minotaur Fighter)               Turns: 10512, Time: 00:30:02

Health: -11/97     AC: 23    Str: 25    XL:     11   Next: 76%
Magic:  10/10      EV:  8    Int:  5    God:    Okawaru [*****.]
Gold:   491        SH: 13    Dex: 12    Spells: 10/10 levels left

rFire    . . .     SeeInvis .   a - +3 scimitar (flame)
rCold    . . .     Gourm    +   c - +0 shield
rNeg     . . .     Faith    .   q - +1 plate armour
rPois    .         Spirit   .   E - +1 hat {MR+}
rElec    .         Reflect  .   L - +0 cloak
rCorr    .         Harm     .   P - +2 pair of gloves {Str+3}
MR       +....                  A - +0 pair of boots {Fly}
Stlth    ..........             r - amulet of the gourmand
Regen    0.3/turn               G - ring of wizardry
MPRegen  0.2/turn               (no ring)

@: flying
A: retaliatory headbutt, horns 2
a: Heroism, Finesse, Renounce Religion, Stop Flying


You were in an ice cave.
You worshipped Okawaru.
Okawaru was extremely pleased with you.
You were not hungry.

You visited 2 branches of the dungeon, and saw 12 of its levels.
You also visited: Sewer and Ice Cave.

You collected 543 gold pieces.
You spent 52 gold pieces at shops.

Inventory:

Hand Weapons
 a - a +3 scimitar of flaming (weapon)
 v - a +2 long sword of slicing
Armour
 c - a +0 shield (worn)
 e - a +2 hat
 q - a +1 plate armour (worn)
 A - a +0 pair of boots of flying (worn)
 E - a +1 hat of magic resistance (worn)
 L - a +0 cloak (worn)
 P - a +2 pair of gloves of strength (worn)
Jewellery
 r - an amulet of the gourmand (around neck)
 y - an uncursed amulet of harm
 G - a ring of wizardry (left hand)
Wands
 l - a wand of confusion (34/48)
 u - a wand of polymorph (19/24)
 C - a wand of polymorph (13/24)
 D - a wand of random effects (26/48)
 F - a wand of scattershot (7/9)
 N - a wand of random effects (18/48)
 R - a wand of digging (16/24)
Scrolls
 j - 5 scrolls of teleportation
 k - a scroll of magic mapping
 m - a scroll of recharging
 n - 2 scrolls of enchant armour
 w - 2 scrolls of amnesia
 J - a scroll of enchant weapon
 K - a scroll of remove curse
 M - a scroll of identify
Potions
 g - 2 potions of magic
 i - 2 potions of cancellation
 o - 2 potions of flight
 s - 2 potions of brilliance
 t - 2 potions of might
 x - a potion of experience
 z - 4 potions of agility
 B - a potion of invisibility
Books
 d - a book of Conjurations

   Spells                             Type                      Level
   a - Magic Dart                     Conjuration                  1
   b - Searing Ray                    Conjuration                  2
   c - Dazzling Spray                 Conjuration/Hexes            3
   d - Fulminant Prism                Conjuration/Hexes            4
   e - Force Lance                    Conjuration/Translocation    4
   f - Iskenderun's Mystic Blast      Conjuration                  4
Comestibles
 b - 3 royal jellies
 f - 6 bread rations
 h - 3 meat rations
 p - 6 fruits


   Skills:
 + Level 9.6 Fighting
 + Level 13.4 Long Blades
 + Level 10.2 Armour
 + Level 2.4 Dodging
 + Level 0.6 Stealth
 + Level 12.4 Shields
 + Level 1.0 Invocations
 + Level 0.8 Evocations


You had 10 spell levels left.
You didn't know any spells.

Dungeon Overview and Level Annotations

Branches:
Dungeon (11/15)            Temple (1/1) D:5            Lair (0/6) D:10
    Orc: D:9-12

Altars:
Ashenzari
Cheibriados
Dithmenos
Elyvilon
Fedhas
Gozag
Hepliaklqana
Kikubaaqudgha
Makhleb
Nemelex Xobeh
Okawaru
Qazlal
Ru
Sif Muna
Trog
Uskayaw
Vehumet
Xom
Yredelemnul
Zin
The Shining One

Shops:
D:9 *


Innate Abilities, Weirdness & Mutations

You reflexively headbutt those who attack you in melee.
You have a pair of horns on your head.


Message History

You start resting.
You are engulfed in freezing vapours.
* * * LOW HITPOINT WARNING * * *
You start resting.
You are engulfed in freezing vapours.
* * * LOW HITPOINT WARNING * * *
You are engulfed in freezing vapours.
* * * LOW HITPOINT WARNING * * *
You're standing in a cloud of freezing vapour!
You are engulfed in freezing vapours.
* * * LOW HITPOINT WARNING * * *
You feel better.
You are engulfed in freezing vapours.
* * * LOW HITPOINT WARNING * * *
You feel better.
You are engulfed in freezing vapours.
* * * LOW HITPOINT WARNING * * *
You are engulfed in freezing vapours.
* * * LOW HITPOINT WARNING * * *
You are engulfed in freezing vapours.
You die...

##.§ ..... ...#. ......
##... #...... . ##....
##§...... ..#......
#.......# ....
#.§####.§.≈..#
#....##§§§§§§§§.# ##
#....§§§§@§§### .###
####.§§§§§§## ...###
######§§§### .....####
###§§§##
........###########.§§##
...#.........##...##.§.##
..###.#............###§§#
.## ######..##.....##.§§#
## #...##....####..##


There were no monsters in sight!

Vanquished Creatures
  A hydra (D:11)
  Erica (D:10)
  2 two-headed ogres
  A sixfirhy (D:10)
  Pikel (D:8)
  An oklob plant (D:10)
  2 ice statues (IceCv)
  Psyche (D:9)
  Joseph (D:7)
  8 ice devils (IceCv)
  A troll (D:10)
  A hippogriff (D:8)
  Edmund (D:5)
  Menkaure (D:5)
  2 hungry ghosts (D:8)
  3 water moccasins
  Purgy (Sewer)
  4 orc warriors
  A phantom (D:8)
  A slave (D:8)
  2 sky beasts
  12 ice beasts
  2 necrophages
  2 ogres
  2 centaurs
  A big kobold (D:7)
  4 bullfrogs
  5 scorpions
  6 killer bees (D:9)
  3 wights (D:10)
  3 howler monkeys
  3 centaur zombies
  3 crimson imps
  A quasit (D:11)
  6 orc priests
  5 hounds
  4 jellies
  Crazy Yiuf (D:3)
  7 orc wizards
  A bullfrog skeleton (D:5)
  2 centaur skeletons
  4 iguanas
  5 worker ants
  A hound zombie (D:6)
  A hound skeleton (D:10)
  4 gnolls (D:4)
  A howler monkey skeleton (D:11)
  17 adders
  2 shadow imps
  8 white imps
  A worker ant simulacrum (D:11)
  7 ufetubi (IceCv)
  An adder skeleton (D:5)
  3 worms
  7 leopard geckos
  25 orcs
  7 giant cockroaches
  6 goblins
  8 hobgoblins
  4 jackals (D:2)
  4 quokkas
  2 ball pythons
  3 bats
  5 frilled lizards
  13 kobolds
  A leopard gecko zombie (D:5)
  A quokka zombie (D:7)
  4 rats
  3 plants (D:10)
258 creatures vanquished.

Vanquished Creatures (collateral kills)
  A plant (D:10)
1 creature vanquished.

Vanquished Creatures (others)
  A reaper (IceCv)
  4 white imps (IceCv)
  An ufetubus (IceCv)
6 creatures vanquished.

Grand Total: 265 creatures vanquished

Notes
Turn   | Place    | Note
-------+----------+-------------------------------------------
     0 | D:1      | Peloso the Minotaur Fighter began the quest for the Orb.
     0 | D:1      | Reached XP level 1. HP: 19/19 MP: 0/0
   331 | D:1      | Reached XP level 2. HP: 20/27 MP: 1/1
   737 | D:2      | Reached XP level 3. HP: 29/33 MP: 2/2
   833 | D:2      | Found a blossoming altar of Fedhas.
   842 | D:2      | Found an ancient bone altar of Kikubaaqudgha.
  1232 | D:2      | Reached XP level 4. HP: 40/40 MP: 3/3
  1540 | D:3      | Reached skill level 3 in Long Blades
  1598 | D:3      | You fall through a shaft for 3 floors!
  1808 | D:6      | Reached skill level 4 in Long Blades
  1808 | D:6      | Reached XP level 5. HP: 46/47 MP: 4/4
  1834 | D:5      | Entered Level 5 of the Dungeon
  1853 | D:5      | Reached skill level 5 in Shields
  1899 | D:5      | Reached skill level 5 in Long Blades
  1899 | D:5      | Reached XP level 6. HP: 31/53 MP: 5/5
  1926 | D:5      | Found a staircase to the Ecumenical Temple.
  1929 | D:5      | Found a glowing drain.
  1971 | Sewer    | Entered a sewer
  2106 | Sewer    | Noticed Purgy
  2125 | Sewer    | Killed Purgy
  2125 | Sewer    | Reached skill level 5 in Armour
  2243 | D:5      | Noticed Edmund
  2256 | D:5      | Reached skill level 5 in Fighting
  2264 | D:5      | Killed Edmund
  2264 | D:5      | Reached XP level 7. HP: 58/61 MP: 6/6
  2315 | D:5      | Noticed Menkaure
  2324 | D:5      | Killed Menkaure
  2338 | D:5      | Reached skill level 6 in Long Blades
  2338 | D:5      | Reached skill level 1 in Dodging
  2648 | D:5      | Found a stormy altar of Qazlal.
  2820 | Temple   | Entered the Ecumenical Temple
  3121 | D:3      | Found a bloodstained altar of Trog.
  3201 | D:3      | Reached XP level 8. HP: 40/69 MP: 7/7
  3408 | D:3      | Found a runed door.
  3532 | D:3      | Noticed Crazy Yiuf
  3535 | D:3      | Killed Crazy Yiuf
  4116 | D:4      | Found a hazy altar of Hepliaklqana.
  4253 | D:6      | Reached skill level 7 in Long Blades
  4388 | D:6      | Found a basalt altar of Yredelemnul.
  4696 | D:6      | Found a sparkling altar of Nemelex Xobeh.
  4786 | D:6      | Found an iron altar of Okawaru.
  4880 | D:7      | Reached skill level 8 in Long Blades
  5257 | D:7      | Reached XP level 9. HP: 68/78 MP: 8/8
  5462 | D:7      | Reached skill level 9 in Long Blades
  5597 | D:7      | Noticed Joseph
  5613 | D:7      | Killed Joseph
  6021 | D:6      | Found a sacrificial altar of Ru.
  6021 | D:6      | Found a hide-covered altar of Uskayaw.
  6021 | D:6      | Found a deep blue altar of Sif Muna.
  6029 | D:6      | Became a worshipper of Warmaster Okawaru
  6109 | D:8      | Reached skill level 10 in Long Blades
  6117 | D:8      | Reached * piety under Okawaru
  6167 | D:8      | Noticed a two-headed ogre
  6172 | D:8      | Killed a two-headed ogre
  6172 | D:8      | Reached skill level 10 in Shields
  6172 | D:8      | Reached XP level 10. HP: 86/88 MP: 9/9
  6424 | D:8      | Reached ** piety under Okawaru
  6500 | D:8      | Noticed Pikel
  6521 | D:8      | Killed Pikel
  6521 | D:8      | Reached skill level 11 in Long Blades
  7068 | D:9      | Noticed an angel
  7068 | D:9      | Noticed Psyche
  7069 | D:9      | Found a glowing silver altar of Zin.
  7073 | D:9      | Killed Psyche
  7147 | D:9      | Found Tasak's General Store.
  7155 | D:9      | Bought a potion of agility for 52 gold pieces
  7326 | D:10     | Entered Level 10 of the Dungeon
  7326 | D:10     | Noticed a sixfirhy
  7335 | D:10     | Found a runed door.
  7374 | D:10     | Noticed a two-headed ogre
  7383 | D:10     | Killed a two-headed ogre
  7402 | D:10     | Reached *** piety under Okawaru
  7472 | D:10     | Reached skill level 12 in Long Blades
  7599 | D:10     | Found a staircase to the Lair.
  7599 | D:10     | Noticed an oklob plant
  7610 | D:10     | Killed an oklob plant
  7836 | D:10     | Reached XP level 11. HP: 88/95 MP: 10/10
  8050 | D:10     | Noticed Erica
  8067 | D:10     | Killed Erica
  8067 | D:10     | Reached **** piety under Okawaru
  8276 | D:10     | Killed a sixfirhy
  8311 | D:11     | Noticed an eight-headed hydra
  8318 | D:11     | Killed a three-headed hydra
  8318 | D:11     | Reached skill level 1 in Invocations
  8396 | D:11     | Found a frozen archway.
  8405 | D:11     | Reached ***** piety under Okawaru
  8624 | IceCv    | Entered an ice cave
  8820 | IceCv    | Reached skill level 13 in Long Blades
  8973 | IceCv    | Killed a reaper
  9292 | IceCv    | Reached skill level 10 in Armour
 10492 | IceCv    | HP: 2/97 [something (17)]
 10512 | IceCv    | Engulfed by a cloud of freezing vapour

Skill      XL: |  1  2  3  4  5  6  7  8  9 10 11 |
---------------+----------------------------------+-----
Armour         | 4 5 6 7 8 9 10 | 10.2
Fighting       | 4 5 6 7 8 9 |  9.6
Shields        | 4 5 6 7 8 10 11 12 | 12.4
Long Blades    | 4 5 6 8 10 12 13 | 13.4
Dodging        | 1 2 |  2.4
Invocations    | 1 |  1.0
Stealth        | |  0.6
Evocations     | |  0.8

Action                   |  1- 3 |  4- 6 |  7- 9 | 10-12 || total
-------------------------+-------+-------+-------+-------++-------
Melee: Long sword        |   105 |   112 |   381 |   240 ||   838
       Headbutt          |    13 |    28 |    80 |   106 ||   227
       Scimitar          |       |       |       |   168 ||   168
Invok: Heroism           |       |       |       |     3 ||     3
Evoke: Wand              |       |       |     2 |       ||     2
  Use: Potion            |       |     1 |       |     4 ||     5
       Scroll            |       |       |    18 |     8 ||    26
  Eat: Chunk             |     1 |     3 |    24 |    19 ||    47
Armor: Chain mail        |    42 |       |       |       ||    42
       Scale mail        |     4 |       |       |       ||     4
       Plate armour      |    25 |   104 |   175 |   187 ||   491
Dodge: Dodged            |    23 |    20 |    62 |   114 ||   219
Block: Shield            |    73 |    89 |   196 |   234 ||   592
       Rpst.: Long sword |     1 |     6 |    13 |    21 ||    41
       Scimitar          |       |       |       |     5 ||     5
